[ AOE2 MATCH · #472962935 ]
UnrankedMalay vs Bengalis
[ REPLAY ANALYSIS · EXTRACTED FROM THE RECORDED GAME ]
Feudal
12:37
Castle
21:50
Imperial
41:43
| APM avg | 8.4 |
| APM peak | 42 |
| eAPM avg | 6.6 |
| Villagers / military | 60 / 63 |
Focus
⚔️ 30.0% · 🌾 70.0%
Archer ×57 · Battering Ram ×3 · Trade Cart ×2 · Trebuchet (Packed) ×2 · Monk ×1
Feudal
12:08
Castle
19:43
Imperial
33:19
| APM avg | 13.7 |
| APM peak | 39 |
| eAPM avg | 10.5 |
| Villagers / military | 101 / 210 |
Focus
⚔️ 27.8% · 🌾 72.2%
Coustillier ×109 · Flemish Militia ×50 · Hand Cannoneer ×38 · Trade Cart ×14 · Bombard Cannon ×11 · Monk ×2
Feudal
—
Castle
—
Imperial
—
| APM avg | 10.0 |
| APM peak | 22 |
| eAPM avg | 6.8 |
| Villagers / military | 57 / 33 |
Focus
⚔️ 22.7% · 🌾 77.3%
Elephant Archer ×23 · Scout Cavalry ×7 · Trade Cart ×5 · Monk ×2 · Trebuchet (Packed) ×1
Feudal
13:17
Castle
17:45
Imperial
32:26
| APM avg | 14.7 |
| APM peak | 38 |
| eAPM avg | 12.1 |
| Villagers / military | 122 / 187 |
Focus
⚔️ 36.6% · 🌾 63.4%
Samurai ×105 · Spearman ×72 · Trade Cart ×9 · Battering Ram ×6 · Trebuchet (Packed) ×4
Feudal
—
Castle
—
Imperial
—
| APM avg | 14.8 |
| APM peak | 33 |
| eAPM avg | 12.3 |
| Villagers / military | 153 / 225 |
Focus
⚔️ 23.6% · 🌾 76.4%
Spearman ×132 · Camel Scout ×49 · Cataphract ×33 · Trade Cart ×12 · Trebuchet (Packed) ×11
Feudal
—
Castle
—
Imperial
—
| APM avg | 10.0 |
| APM peak | 40 |
| eAPM avg | 9.2 |
| Villagers / military | 97 / 125 |
Focus
⚔️ 36.0% · 🌾 64.0%
Knight ×62 · Throwing Axeman ×42 · Scout Cavalry ×15 · Trade Cart ×7 · Bombard Cannon ×6
Match map
Initial resources + every placement click. Lines = walls · curves = elevation contours. ◆ gold · ⬟ stone · ● berries · ✦ relic · ◌ wall gap
Inputs per minute
— ZAX - - 暮星
Build order — ZAX
First 150 of 220 actions detected
| 0:16 | Build | House |
| 0:21 | Create | Villager (Male) |
| 0:21 | Research | Loom |
| 1:01 | Build | House |
| 1:08 | Create | Villager (Male) |
| 1:08 | Create | Villager (Male) |
| 1:09 | Create | Villager (Male) |
| 1:41 | Build | House |
| 2:23 | Create | Villager (Male) |
| 2:37 | Build | Lumber Camp |
| 3:03 | Create | Villager (Male) |
| 3:41 | Create | Villager (Male) |
| 4:29 | Create | Villager (Male) |
| 5:05 | Build | Barracks |
| 5:08 | Create | Villager (Male) |
| 5:09 | Create | Villager (Male) |
| 5:53 | Create | Villager (Male) |
| 6:52 | Create | Villager (Male) |
| 6:53 | Create | Villager (Male) |
| 8:23 | Create | Villager (Male) |
| 8:25 | Create | Villager (Male) |
| 8:28 | Create | Villager (Male) |
| 8:58 | Build | Mill |
| 10:09 | Build | Farm |
| 10:16 | Build | House |
| 10:27 | Build | Farm |
| 10:37 | Build | Farm |
| 10:44 | Build | Farm |
| 10:51 | Build | Farm |
| 11:03 | Build | Farm |
| 11:08 | Build | Farm |
| 11:17 | Build | Farm |
| 11:19 | Research | Feudal Age |
| 12:24 | Create | Villager (Male) |
| 12:37 | Age | Feudal Age |
| 12:44 | Create | Villager (Male) |
| 12:56 | Research | Horse Collar |
| 13:14 | Build | Mining Camp |
| 13:21 | Create | Villager (Male) |
| 13:25 | Create | Villager (Male) |
| 13:25 | Create | Villager (Male) |
| 13:34 | Build | House |
| 13:51 | Research | Double-Bit Axe |
| 14:18 | Build | House |
| 14:29 | Create | Villager (Male) |
| 14:29 | Create | Villager (Male) |
| 14:37 | Research | Gold Mining |
| 14:51 | Build | Farm |
| 15:02 | Create | Villager (Male) |
| 15:42 | Create | Villager (Male) |
| 16:04 | Build | Farm |
| 16:11 | Create | Villager (Male) |
| 16:30 | Build | Archery Range |
| 16:54 | Build | Farm |
| 16:59 | Create | Villager (Male) |
| 16:59 | Create | Villager (Male) |
| 17:31 | Build | Farm |
| 17:36 | Create | Villager (Male) |
| 17:46 | Build | Stable |
| 18:01 | Build | Farm |
| 18:06 | Create | Villager (Male) |
| 18:07 | Create | Villager (Male) |
| 18:20 | Build | House |
| 18:50 | Build | Market |
| 19:01 | Build | Mining Camp |
| 19:10 | Build | House |
| 19:24 | Create | Villager (Male) |
| 19:26 | Create | Villager (Male) |
| 19:27 | Research | Castle Age |
| 19:49 | Build | House |
| 20:22 | Build | Farm |
| 20:29 | Build | House |
| 20:39 | Build | Blacksmith |
| 20:52 | Create | Trade Cart |
| 20:56 | Create | Trade Cart |
| 21:47 | Research | Forging |
| 21:50 | Age | Castle Age |
| 22:02 | Create | Villager (Male) |
| 22:15 | Research | Fletching |
| 22:16 | Research | Padded Archer Armor |
| 22:56 | Create | Villager (Male) |
| 22:57 | Create | Villager (Male) |
| 23:21 | Research | Crossbowman (upgrade) |
| 23:34 | Create | Villager (Male) |
| 23:34 | Create | Villager (Male) |
| 23:45 | Research | Thumb Ring |
| 24:05 | Create | Villager (Male) |
| 24:50 | Research | Stone Mining |
| 25:10 | Build | Farm |
| 25:16 | Build | Farm |
| 25:22 | Build | Farm |
| 25:25 | Create | Villager (Male) |
| 25:26 | Create | Villager (Male) |
| 25:27 | Research | Wheelbarrow |
| 25:38 | Create | Archer |
| 25:39 | Create | Archer |
| 25:39 | Create | Archer |
| 25:39 | Create | Archer |
| 25:41 | Create | Archer |
| 26:10 | Create | Villager (Male) |
| 26:46 | Build | Town Center |
| 26:51 | Create | Villager (Male) |
| 27:08 | Create | Archer |
| 27:08 | Create | Archer |
| 27:40 | Research | Heavy Plow |
| 27:54 | Research | Bow Saw |
| 28:03 | Build | House |
| 28:12 | Create | Villager (Male) |
| 28:20 | Create | Archer |
| 28:20 | Create | Archer |
| 28:36 | Build | Castle |
| 28:58 | Build | Farm |
| 29:05 | Build | House |
| 29:08 | Create | Villager (Male) |
| 29:09 | Create | Villager (Male) |
| 29:09 | Create | Villager (Male) |
| 29:27 | Create | Archer |
| 29:27 | Create | Archer |
| 29:39 | Build | Lumber Camp |
| 29:53 | Build | House |
| 29:57 | Create | Villager (Male) |
| 30:13 | Build | Mill |
| 30:33 | Build | Archery Range |
| 30:39 | Build | House |
| 30:45 | Research | Leather Archer Armor |
| 30:46 | Research | Bodkin Arrow |
| 30:55 | Build | Farm |
| 31:01 | Create | Villager (Male) |
| 31:01 | Create | Villager (Male) |
| 31:08 | Create | Archer |
| 31:08 | Create | Archer |
| 31:08 | Create | Archer |
| 31:17 | Build | House |
| 31:36 | Build | Farm |
| 31:45 | Build | Monastery |
| 31:53 | Create | Archer |
| 31:53 | Create | Archer |
| 32:00 | Build | House |
| 32:11 | Build | Archery Range |
| 32:41 | Build | University |
| 33:01 | Build | Town Center |
| 33:09 | Create | Archer |
| 33:09 | Create | Archer |
| 33:09 | Create | Archer |
| 33:10 | Create | Archer |
| 33:23 | Build | Siege Workshop |
| 33:31 | Create | Villager (Male) |
| 33:31 | Create | Villager (Male) |
| 33:31 | Create | Villager (Male) |
| 33:32 | Create | Villager (Male) |
Build order — 暮星
First 150 of 316 actions detected
| 0:10 | Build | House |
| 0:17 | Build | House |
| 0:19 | Create | Villager (Male) ×4 |
| 1:55 | Create | Villager (Male) |
| 2:18 | Create | Villager (Male) |
| 2:33 | Build | Lumber Camp |
| 2:37 | Create | Villager (Male) |
| 2:37 | Create | Villager (Male) |
| 3:05 | Create | Villager (Male) |
| 3:22 | Research | Double-Bit Axe |
| 3:48 | Create | Villager (Male) |
| 3:58 | Build | House |
| 4:15 | Create | Villager (Male) |
| 4:34 | Build | House |
| 4:54 | Create | Villager (Male) |
| 5:04 | Build | Mill |
| 5:21 | Create | Villager (Male) |
| 5:35 | Create | Villager (Male) |
| 6:12 | Create | Villager (Male) |
| 6:38 | Create | Villager (Male) |
| 6:57 | Create | Villager (Male) |
| 6:59 | Create | Villager (Male) |
| 7:30 | Build | House |
| 7:53 | Create | Villager (Male) |
| 8:07 | Create | Villager (Male) |
| 8:23 | Research | Wheelbarrow |
| 8:36 | Build | Mining Camp |
| 8:55 | Research | Horse Collar |
| 9:13 | Build | Farm |
| 9:17 | Build | Farm |
| 9:18 | Build | Farm |
| 9:21 | Build | Farm |
| 9:36 | Build | Farm |
| 9:42 | Build | Farm |
| 9:53 | Build | Farm |
| 9:58 | Research | Feudal Age |
| 10:35 | Build | Mill |
| 11:59 | Create | Villager (Male) |
| 11:59 | Create | Villager (Male) |
| 12:08 | Age | Feudal Age |
| 12:13 | Research | Bow Saw |
| 12:16 | Research | Heavy Plow |
| 12:27 | Create | Villager (Male) |
| 12:37 | Build | Farm |
| 12:45 | Build | Farm |
| 13:05 | Build | Farm |
| 13:15 | Create | Villager (Male) |
| 13:28 | Build | Farm |
| 13:32 | Create | Villager (Male) |
| 13:41 | Build | House |
| 13:43 | Build | House |
| 13:52 | Build | Farm |
| 14:07 | Build | Blacksmith |
| 14:24 | Create | Villager (Male) |
| 14:32 | Build | Farm |
| 14:36 | Create | Villager (Male) |
| 14:54 | Build | Farm |
| 14:59 | Create | Villager (Male) |
| 15:15 | Build | Market |
| 15:26 | Build | Farm |
| 15:37 | Create | Villager (Male) |
| 15:45 | Build | Farm |
| 16:10 | Build | Farm |
| 16:13 | Create | Villager (Male) |
| 16:20 | Create | Villager (Male) |
| 16:32 | Build | Mining Camp |
| 16:43 | Research | Castle Age |
| 17:02 | Build | Barracks |
| 18:20 | Research | Hand Cart |
| 18:24 | Research | Gold Mining |
| 18:31 | Research | Stone Mining |
| 18:34 | Research | Gold Mining |
| 19:15 | Create | Villager (Male) |
| 19:15 | Create | Villager (Male) |
| 19:43 | Age | Castle Age |
| 20:15 | Build | Stone Wall |
| 20:28 | Research | Loom |
| 20:29 | Create | Villager (Male) |
| 20:30 | Create | Villager (Male) |
| 20:31 | Create | Villager (Male) |
| 20:36 | Research | Two-Man Saw |
| 21:01 | Build | University |
| 21:27 | Create | Villager (Male) |
| 21:27 | Create | Villager (Male) |
| 21:32 | Research | Scale Barding Armor |
| 21:32 | Research | Scale Mail Armor |
| 21:33 | Research | Forging |
| 21:58 | Build | Monastery |
| 22:04 | Create | Villager (Male) |
| 22:04 | Create | Villager (Male) |
| 22:18 | Build | House |
| 22:20 | Build | House |
| 22:24 | Build | House |
| 22:32 | Create | Villager (Male) |
| 22:47 | Create | Monk |
| 23:05 | Research | Treadmill Crane |
| 23:12 | Create | Villager (Male) |
| 23:12 | Create | Villager (Male) |
| 23:41 | Build | Siege Workshop |
| 24:03 | Build | Town Center |
| 24:53 | Build | Stone Wall |
| 25:28 | Research | Fortified Wall (upgrade) |
| 25:30 | Research | Masonry |
| 25:34 | Build | Farm |
| 25:41 | Create | Monk |
| 26:00 | Create | Villager (Male) |
| 26:00 | Create | Villager (Male) |
| 26:01 | Create | Villager (Male) |
| 26:01 | Create | Villager (Male) |
| 26:20 | Build | Town Center |
| 26:25 | Create | Villager (Male) |
| 26:26 | Create | Villager (Male) |
| 26:55 | Research | Gold Shaft Mining |
| 26:58 | Research | Stone Shaft Mining |
| 27:00 | Research | Crop Rotation |
| 27:02 | Create | Villager (Male) |
| 27:03 | Create | Villager (Male) |
| 27:03 | Create | Villager (Male) |
| 27:03 | Create | Villager (Male) |
| 27:05 | Create | Villager (Male) |
| 27:06 | Create | Villager (Male) |
| 27:07 | Create | Villager (Male) |
| 27:08 | Create | Villager (Male) |
| 27:08 | Create | Villager (Male) |
| 27:16 | Research | Caravan |
| 27:36 | Create | Trade Cart |
| 27:36 | Create | Trade Cart |
| 27:48 | Build | Building 665 |
| 27:53 | Build | Building 665 |
| 28:01 | Create | Villager (Male) |
| 28:02 | Create | Villager (Male) |
| 28:02 | Create | Villager (Male) |
| 28:03 | Create | Villager (Male) |
| 28:07 | Create | Villager (Male) |
| 28:08 | Create | Villager (Male) |
| 28:09 | Create | Villager (Male) |
| 28:09 | Create | Villager (Male) |
| 28:14 | Create | Villager (Male) |
| 28:14 | Create | Villager (Male) |
| 28:16 | Create | Villager (Male) |
| 28:17 | Create | Villager (Male) |
| 28:57 | Create | Trade Cart |
| 28:58 | Create | Trade Cart |
| 29:07 | Create | Villager (Male) |
| 29:07 | Create | Villager (Male) |
| 29:19 | Build | House |
| 29:21 | Build | House |
| 29:23 | Build | House |
| 29:26 | Build | House |
| 29:37 | Build | House |
Build order — Smurfm4n87
First 150 of 197 actions detected
| 0:15 | Create | Villager (Male) |
| 0:15 | Research | Loom |
| 0:16 | Create | Villager (Male) |
| 0:16 | Create | Villager (Male) |
| 0:16 | Create | Villager (Male) |
| 0:17 | Create | Villager (Male) |
| 0:23 | Build | House |
| 0:24 | Build | House |
| 0:25 | Build | House |
| 0:26 | Build | House |
| 2:42 | Build | Mill |
| 2:53 | Create | Villager (Male) |
| 2:53 | Create | Villager (Male) |
| 3:47 | Create | Villager (Male) |
| 3:47 | Create | Villager (Male) |
| 3:48 | Create | Villager (Male) |
| 4:35 | Build | Lumber Camp |
| 4:55 | Create | Villager (Male) |
| 4:55 | Create | Villager (Male) |
| 4:56 | Create | Villager (Male) |
| 6:37 | Build | Lumber Camp |
| 6:52 | Create | Villager (Male) |
| 6:52 | Create | Villager (Male) |
| 7:48 | Create | Villager (Male) |
| 8:55 | Build | Mining Camp |
| 9:15 | Create | Villager (Male) |
| 9:15 | Create | Villager (Male) |
| 9:38 | Create | Villager (Male) |
| 10:37 | Build | Mining Camp |
| 11:00 | Research | Feudal Age |
| 12:13 | Create | Villager (Male) |
| 12:13 | Create | Villager (Male) |
| 12:13 | Create | Villager (Male) |
| 12:53 | Create | Villager (Male) |
| 12:53 | Create | Villager (Male) |
| 13:30 | Build | House |
| 13:31 | Build | House |
| 13:32 | Build | House |
| 13:34 | Build | House |
| 13:36 | Build | House |
| 13:38 | Build | House |
| 13:40 | Build | House |
| 13:52 | Research | Town Watch |
| 14:16 | Build | Market |
| 14:28 | Build | Blacksmith |
| 15:16 | Build | Mining Camp |
| 16:41 | Research | Double-Bit Axe |
| 17:32 | Build | Barracks |
| 18:53 | Research | Castle Age |
| 19:06 | Build | Archery Range |
| 19:59 | Create | Villager (Male) |
| 19:59 | Create | Villager (Male) |
| 20:29 | Create | Villager (Male) |
| 20:45 | Build | Archery Range |
| 20:56 | Create | Trade Cart |
| 20:57 | Create | Trade Cart |
| 20:57 | Create | Trade Cart |
| 20:57 | Create | Trade Cart |
| 20:57 | Create | Trade Cart |
| 21:38 | Build | Farm |
| 21:39 | Build | Farm |
| 21:41 | Build | Farm |
| 21:42 | Build | Farm |
| 22:04 | Build | Farm |
| 22:20 | Build | Castle |
| 22:55 | Create | Villager (Male) |
| 22:56 | Create | Villager (Male) |
| 23:21 | Create | Villager (Male) |
| 23:21 | Create | Villager (Male) |
| 23:21 | Create | Villager (Male) |
| 23:22 | Create | Villager (Male) |
| 23:22 | Create | Villager (Male) |
| 23:30 | Build | Farm |
| 23:31 | Build | Farm |
| 23:32 | Build | Farm |
| 23:33 | Build | Farm |
| 24:21 | Build | Town Center |
| 24:39 | Research | Horse Collar |
| 24:47 | Create | Villager (Male) |
| 25:15 | Build | University |
| 25:33 | Build | Lumber Camp |
| 26:37 | Build | Farm |
| 26:38 | Build | Farm |
| 26:43 | Create | Villager (Male) |
| 26:43 | Create | Villager (Male) |
| 26:44 | Create | Villager (Male) |
| 26:44 | Create | Villager (Male) |
| 26:44 | Create | Villager (Male) |
| 26:44 | Create | Villager (Male) |
| 26:45 | Create | Villager (Male) |
| 26:45 | Create | Villager (Male) |
| 26:55 | Build | Farm |
| 26:56 | Build | Farm |
| 27:09 | Build | Farm |
| 27:35 | Build | Monastery |
| 27:54 | Build | Farm |
| 27:56 | Build | Farm |
| 28:10 | Research | Caravan |
| 28:19 | Research | Heavy Plow |
| 28:32 | Create | Monk |
| 30:22 | Research | Imperial Age |
| 30:37 | Build | Siege Workshop |
| 30:47 | Create | Monk |
| 31:27 | Research | Padded Archer Armor |
| 31:28 | Research | Fletching |
| 31:36 | Research | Elite Skirmisher (upgrade) |
| 32:01 | Build | Stable |
| 32:04 | Build | Stable |
| 32:06 | Build | Stable |
| 32:16 | Research | Wheelbarrow |
| 32:22 | Research | Bow Saw |
| 32:26 | Create | Villager (Male) |
| 32:27 | Create | Villager (Male) |
| 32:27 | Create | Villager (Male) |
| 32:27 | Create | Villager (Male) |
| 34:08 | Research | Chemistry |
| 34:09 | Research | Ballistics |
| 34:15 | Research | Treadmill Crane |
| 34:25 | Research | Crop Rotation |
| 34:37 | Build | Farm |
| 34:38 | Build | Farm |
| 34:43 | Create | Villager (Male) |
| 34:43 | Create | Villager (Male) |
| 34:43 | Create | Villager (Male) |
| 35:01 | Create | Villager (Male) |
| 35:01 | Create | Villager (Male) |
| 35:01 | Create | Villager (Male) |
| 35:17 | Build | House |
| 35:18 | Build | House |
| 35:19 | Build | House |
| 35:20 | Build | House |
| 35:24 | Build | House |
| 35:25 | Build | House |
| 35:26 | Build | House |
| 35:40 | Build | Mining Camp |
| 36:33 | Create | Elephant Archer |
| 36:33 | Create | Elephant Archer |
| 36:34 | Create | Elephant Archer |
| 36:54 | Build | Farm |
| 36:56 | Build | Farm |
| 37:31 | Research | Leather Archer Armor |
| 37:32 | Research | Bodkin Arrow |
| 37:42 | Research | Husbandry |
| 37:44 | Research | Bloodlines |
| 39:07 | Research | Elite Elephant Archer (upgrade) |
| 39:16 | Research | Paiks |
| 39:42 | Build | Castle |
| 40:07 | Build | Archery Range |
| 40:10 | Build | Archery Range |
| 40:13 | Build | Archery Range |
Build order — t i a n t a n g
First 150 of 393 actions detected
| 0:07 | Create | Villager (Male) ×4 |
| 0:07 | Create | Villager (Male) ×4 |
| 0:07 | Create | Villager (Male) ×4 |
| 0:07 | Create | Villager (Male) ×4 |
| 0:17 | Build | House |
| 0:18 | Build | House |
| 1:07 | Build | Mill |
| 1:40 | Create | Villager (Male) |
| 2:18 | Create | Villager (Male) |
| 2:53 | Create | Villager (Male) |
| 3:12 | Create | Villager (Male) |
| 3:12 | Create | Villager (Male) |
| 3:28 | Create | Villager (Male) |
| 3:43 | Create | Villager (Male) |
| 3:43 | Create | Villager (Male) |
| 3:50 | Build | House |
| 4:02 | Create | Villager (Male) |
| 4:02 | Create | Villager (Male) |
| 4:31 | Create | Villager (Male) |
| 4:38 | Build | House |
| 5:05 | Create | Villager (Male) |
| 5:05 | Create | Villager (Male) |
| 6:17 | Create | Villager (Male) |
| 6:17 | Create | Villager (Male) |
| 6:17 | Create | Villager (Male) |
| 6:17 | Create | Villager (Male) |
| 7:03 | Create | Villager (Male) |
| 7:21 | Build | Lumber Camp |
| 7:26 | Create | Villager (Male) |
| 7:26 | Create | Villager (Male) |
| 7:26 | Create | Villager (Male) |
| 7:27 | Create | Villager (Male) |
| 7:41 | Build | House |
| 8:10 | Build | Farm |
| 8:23 | Build | House |
| 8:34 | Build | Farm |
| 9:02 | Create | Villager (Male) |
| 9:27 | Build | Farm |
| 9:32 | Create | Villager (Male) |
| 9:39 | Build | House |
| 9:46 | Build | Mining Camp |
| 9:55 | Create | Villager (Male) |
| 10:34 | Build | Farm |
| 10:58 | Create | Villager (Male) |
| 11:07 | Research | Feudal Age |
| 11:13 | Build | Farm |
| 12:48 | Create | Villager (Male) |
| 12:49 | Create | Villager (Male) |
| 12:49 | Create | Villager (Male) |
| 13:17 | Age | Feudal Age |
| 13:37 | Build | Market |
| 13:56 | Build | Blacksmith |
| 14:04 | Create | Villager (Male) |
| 14:14 | Build | Farm |
| 14:20 | Create | Villager (Male) |
| 14:39 | Build | Farm |
| 14:52 | Build | Mining Camp |
| 15:03 | Research | Castle Age |
| 15:11 | Build | Farm |
| 15:18 | Build | Farm |
| 16:21 | Create | Trade Cart |
| 16:22 | Create | Trade Cart |
| 16:30 | Research | Stone Mining |
| 16:35 | Research | Horse Collar |
| 16:44 | Create | Villager (Male) |
| 16:45 | Create | Villager (Male) |
| 16:45 | Create | Villager (Male) |
| 17:06 | Research | Gold Mining |
| 17:29 | Create | Villager (Male) |
| 17:45 | Age | Castle Age |
| 18:03 | Build | Town Center |
| 18:31 | Build | House |
| 18:49 | Build | Castle |
| 18:56 | Create | Villager (Male) |
| 19:35 | Create | Villager (Male) |
| 19:36 | Create | Villager (Male) |
| 20:14 | Build | Town Center |
| 20:30 | Create | Villager (Male) |
| 20:30 | Create | Villager (Male) |
| 20:30 | Create | Villager (Male) |
| 20:44 | Create | Villager (Male) |
| 20:45 | Create | Villager (Male) |
| 21:13 | Build | Mining Camp |
| 21:21 | Create | Villager (Male) |
| 21:22 | Create | Villager (Male) |
| 21:22 | Create | Villager (Male) |
| 22:09 | Build | House |
| 22:19 | Create | Villager (Male) |
| 22:19 | Create | Villager (Male) |
| 22:19 | Create | Villager (Male) |
| 22:27 | Build | Farm |
| 22:30 | Create | Villager (Male) |
| 22:32 | Create | Villager (Male) |
| 22:43 | Create | Villager (Male) |
| 22:43 | Create | Villager (Male) |
| 22:57 | Build | Farm |
| 23:00 | Create | Villager (Male) |
| 23:00 | Create | Villager (Male) |
| 23:18 | Research | Heavy Plow |
| 23:28 | Build | House |
| 23:34 | Build | Farm |
| 23:40 | Build | Farm |
| 23:43 | Create | Villager (Male) |
| 23:43 | Create | Villager (Male) |
| 23:52 | Create | Villager (Male) |
| 23:52 | Create | Villager (Male) |
| 24:13 | Build | Castle |
| 24:21 | Build | House |
| 24:27 | Build | Farm |
| 24:39 | Build | Farm |
| 25:27 | Build | Farm |
| 25:34 | Build | Farm |
| 25:38 | Create | Villager (Male) |
| 25:38 | Create | Villager (Male) |
| 25:46 | Create | Villager (Male) |
| 25:46 | Create | Villager (Male) |
| 25:47 | Create | Villager (Male) |
| 25:59 | Build | Farm |
| 26:06 | Build | Farm |
| 26:14 | Build | Farm |
| 26:16 | Create | Villager (Male) |
| 26:17 | Create | Villager (Male) |
| 26:17 | Create | Villager (Male) |
| 26:25 | Build | Farm |
| 26:28 | Create | Villager (Male) |
| 26:28 | Create | Villager (Male) |
| 26:36 | Build | House |
| 26:49 | Build | Farm |
| 26:56 | Build | Farm |
| 27:14 | Create | Villager (Male) |
| 27:14 | Create | Villager (Male) |
| 27:15 | Create | Villager (Male) |
| 27:33 | Build | Siege Workshop |
| 27:42 | Build | Building 487 |
| 27:59 | Build | Farm |
| 28:13 | Create | Villager (Male) |
| 28:13 | Create | Villager (Male) |
| 28:24 | Build | Farm |
| 28:42 | Build | Mining Camp |
| 29:10 | Create | Villager (Male) |
| 29:10 | Create | Villager (Male) |
| 29:16 | Research | Imperial Age |
| 29:23 | Build | Farm |
| 29:32 | Build | Farm |
| 29:39 | Build | Farm |
| 29:42 | Create | Villager (Male) |
| 29:42 | Create | Villager (Male) |
| 29:46 | Research | Wheelbarrow |
| 29:53 | Research | Double-Bit Axe |
| 30:07 | Create | Samurai |
Build order — weefimonster
First 150 of 440 actions detected
| 0:01 | Create | Villager (Male) |
| 0:01 | Create | Villager (Male) |
| 0:01 | Create | Villager (Male) |
| 0:02 | Create | Villager (Male) |
| 0:03 | Build | House |
| 0:11 | Build | House |
| 1:34 | Create | Villager (Male) |
| 1:58 | Build | Lumber Camp |
| 2:08 | Create | Villager (Male) |
| 2:08 | Create | Villager (Male) |
| 2:38 | Create | Villager (Male) |
| 2:38 | Create | Villager (Male) |
| 3:08 | Create | Villager (Male) |
| 3:08 | Create | Villager (Male) |
| 3:38 | Create | Villager (Male) |
| 3:47 | Build | Mill |
| 4:07 | Create | Villager (Male) |
| 4:08 | Create | Villager (Male) |
| 4:08 | Create | Villager (Male) |
| 4:15 | Build | House |
| 4:34 | Build | House |
| 5:03 | Create | Villager (Male) |
| 5:03 | Create | Villager (Male) |
| 5:16 | Create | Villager (Male) |
| 5:16 | Create | Villager (Male) |
| 6:01 | Create | Villager (Male) |
| 6:01 | Create | Villager (Male) |
| 6:01 | Create | Villager (Male) |
| 6:02 | Create | Villager (Male) |
| 7:14 | Create | Villager (Male) |
| 7:14 | Create | Villager (Male) |
| 7:15 | Create | Villager (Male) |
| 7:16 | Create | Villager (Male) |
| 7:16 | Create | Villager (Male) |
| 8:47 | Research | Feudal Age |
| 8:48 | Research | Loom |
| 9:42 | Create | Villager (Male) |
| 10:13 | Create | Villager (Male) |
| 10:24 | Build | House |
| 10:27 | Build | House |
| 10:29 | Create | Villager (Male) |
| 11:08 | Build | Mining Camp |
| 11:20 | Create | Villager (Male) |
| 11:20 | Create | Villager (Male) |
| 11:35 | Build | Barracks |
| 11:39 | Research | Horse Collar |
| 11:41 | Research | Double-Bit Axe |
| 12:00 | Build | Blacksmith |
| 12:05 | Build | Farm |
| 12:05 | Build | Farm |
| 12:06 | Build | Farm |
| 12:06 | Build | Farm |
| 12:06 | Build | Farm |
| 12:06 | Build | Farm |
| 12:07 | Build | Farm |
| 12:07 | Build | Farm |
| 12:07 | Build | Farm |
| 12:08 | Build | Farm |
| 12:08 | Build | Farm |
| 12:30 | Create | Villager (Male) |
| 12:37 | Build | Farm |
| 12:37 | Build | Farm |
| 12:37 | Build | Farm |
| 12:38 | Build | Farm |
| 12:38 | Build | Farm |
| 13:05 | Create | Villager (Male) |
| 13:08 | Build | Farm |
| 13:09 | Build | Farm |
| 13:09 | Build | Farm |
| 13:09 | Build | Farm |
| 13:09 | Build | Farm |
| 13:10 | Build | Farm |
| 13:10 | Build | Farm |
| 13:32 | Build | Farm |
| 13:33 | Build | Farm |
| 13:33 | Build | Farm |
| 13:33 | Build | Farm |
| 13:33 | Build | Farm |
| 13:34 | Build | Farm |
| 13:46 | Create | Villager (Male) |
| 13:47 | Create | Villager (Male) |
| 13:47 | Create | Villager (Male) |
| 13:54 | Build | Farm |
| 13:54 | Build | Farm |
| 13:54 | Build | Farm |
| 13:55 | Build | Farm |
| 13:55 | Build | Farm |
| 13:55 | Build | Farm |
| 13:55 | Build | Farm |
| 14:15 | Build | Farm |
| 14:16 | Build | Farm |
| 14:16 | Build | Farm |
| 14:16 | Build | Farm |
| 14:16 | Build | Farm |
| 14:17 | Build | Farm |
| 14:34 | Build | Farm |
| 14:34 | Build | Farm |
| 14:34 | Build | Farm |
| 14:35 | Build | Farm |
| 14:35 | Build | Farm |
| 14:35 | Build | Farm |
| 14:56 | Build | House |
| 15:02 | Build | House |
| 15:06 | Create | Villager (Male) |
| 15:09 | Build | Farm |
| 15:09 | Build | Farm |
| 15:09 | Build | Farm |
| 15:09 | Build | Farm |
| 15:10 | Build | Farm |
| 15:10 | Build | Farm |
| 15:28 | Build | Farm |
| 15:29 | Build | Farm |
| 15:29 | Build | Farm |
| 15:29 | Build | Farm |
| 15:29 | Build | Farm |
| 15:41 | Create | Villager (Male) |
| 16:06 | Create | Villager (Male) |
| 16:23 | Build | Stable |
| 16:26 | Create | Villager (Male) |
| 17:04 | Research | Castle Age |
| 17:19 | Build | Mining Camp |
| 17:25 | Build | House |
| 17:28 | Build | House |
| 17:36 | Build | Stone Wall |
| 17:53 | Build | Building 673 |
| 17:57 | Build | House |
| 18:12 | Build | Stone Wall |
| 18:16 | Create | Villager (Male) |
| 18:33 | Research | Scale Barding Armor |
| 18:38 | Create | Villager (Male) |
| 18:46 | Build | Lumber Camp |
| 18:56 | Research | Stone Mining |
| 19:29 | Create | Villager (Male) |
| 19:39 | Build | Outpost |
| 19:53 | Build | Town Center |
| 20:03 | Research | Husbandry |
| 20:09 | Research | Chain Barding Armor |
| 20:25 | Build | Building 673 |
| 21:07 | Build | Market |
| 21:16 | Build | Outpost |
| 21:23 | Create | Villager (Male) |
| 21:23 | Create | Villager (Male) |
| 21:31 | Research | Stone Shaft Mining |
| 21:34 | Research | Gold Mining |
| 21:38 | Create | Villager (Male) |
| 22:15 | Build | Outpost |
| 22:21 | Create | Villager (Male) |
| 22:21 | Create | Villager (Male) |
| 22:23 | Create | Villager (Male) |
| 22:23 | Create | Villager (Male) |
Build order — MrSimon25
First 150 of 358 actions detected
| 0:01 | Create | Villager (Male) |
| 0:01 | Create | Villager (Male) |
| 0:02 | Create | Villager (Male) |
| 0:02 | Create | Villager (Male) |
| 0:02 | Create | Villager (Male) |
| 0:05 | Build | House |
| 0:53 | Research | Loom |
| 1:29 | Create | Villager (Male) |
| 1:45 | Build | House |
| 2:12 | Create | Villager (Male) |
| 2:12 | Create | Villager (Male) |
| 2:26 | Create | Villager (Male) |
| 2:45 | Create | Villager (Male) |
| 3:11 | Create | Villager (Male) |
| 3:45 | Create | Villager (Male) |
| 3:54 | Build | House |
| 4:08 | Create | Villager (Male) |
| 5:25 | Create | Villager (Male) |
| 5:25 | Create | Villager (Male) |
| 5:25 | Create | Villager (Male) |
| 5:38 | Build | Mill |
| 5:58 | Build | Lumber Camp |
| 6:17 | Build | House |
| 6:34 | Create | Villager (Male) |
| 6:34 | Create | Villager (Male) |
| 6:34 | Create | Villager (Male) |
| 6:34 | Create | Villager (Male) |
| 7:24 | Create | Villager (Male) |
| 7:24 | Create | Villager (Male) |
| 7:47 | Build | Farm |
| 8:00 | Build | Farm |
| 9:17 | Create | Villager (Male) |
| 9:43 | Build | Barracks |
| 10:06 | Create | Villager (Male) |
| 10:51 | Research | Feudal Age |
| 11:16 | Build | House |
| 11:44 | Build | House |
| 11:47 | Build | House |
| 11:53 | Build | House |
| 11:57 | Build | House |
| 12:00 | Build | House |
| 12:18 | Build | House |
| 12:33 | Create | Villager (Male) |
| 12:33 | Create | Villager (Male) |
| 12:34 | Create | Villager (Male) |
| 12:34 | Create | Villager (Male) |
| 12:34 | Create | Villager (Male) |
| 13:03 | Build | Mining Camp |
| 13:13 | Build | Mining Camp |
| 13:33 | Build | Farm |
| 13:58 | Build | Farm |
| 13:59 | Build | Farm |
| 14:00 | Build | Farm |
| 14:02 | Build | Farm |
| 14:02 | Build | Farm |
| 14:05 | Build | Farm |
| 14:12 | Create | Villager (Male) |
| 14:13 | Create | Villager (Male) |
| 14:14 | Create | Villager (Male) |
| 14:16 | Research | Wheelbarrow |
| 15:01 | Build | House |
| 15:13 | Research | Town Watch |
| 15:37 | Build | Stable |
| 16:31 | Build | Mill |
| 17:04 | Create | Villager (Male) |
| 17:04 | Create | Villager (Male) |
| 17:04 | Create | Villager (Male) |
| 17:04 | Create | Villager (Male) |
| 17:05 | Create | Villager (Male) |
| 17:05 | Create | Villager (Male) |
| 17:05 | Create | Villager (Male) |
| 17:16 | Build | Farm |
| 17:17 | Build | Farm |
| 17:18 | Build | Farm |
| 17:18 | Build | Farm |
| 17:19 | Build | Farm |
| 17:20 | Build | Farm |
| 17:40 | Build | Stable |
| 18:11 | Research | Gold Mining |
| 18:17 | Research | Double-Bit Axe |
| 18:38 | Build | Archery Range |
| 19:04 | Build | Mill |
| 19:20 | Build | Market |
| 19:36 | Create | Scout Cavalry |
| 19:36 | Create | Scout Cavalry |
| 19:36 | Create | Scout Cavalry |
| 19:37 | Create | Scout Cavalry |
| 19:37 | Create | Scout Cavalry |
| 19:37 | Create | Scout Cavalry |
| 19:38 | Create | Scout Cavalry |
| 19:39 | Create | Scout Cavalry |
| 19:39 | Create | Scout Cavalry |
| 20:16 | Create | Villager (Male) |
| 20:16 | Create | Villager (Male) |
| 20:46 | Build | Lumber Camp |
| 20:57 | Create | Scout Cavalry |
| 20:58 | Create | Scout Cavalry |
| 20:58 | Create | Scout Cavalry |
| 20:58 | Create | Scout Cavalry |
| 20:58 | Create | Scout Cavalry |
| 20:59 | Create | Scout Cavalry |
| 21:36 | Build | Lumber Camp |
| 21:48 | Create | Villager (Male) |
| 21:48 | Create | Villager (Male) |
| 22:58 | Research | Castle Age |
| 23:24 | Build | Blacksmith |
| 23:44 | Create | Villager (Male) |
| 23:44 | Create | Villager (Male) |
| 23:44 | Create | Villager (Male) |
| 23:45 | Create | Villager (Male) |
| 23:45 | Create | Villager (Male) |
| 23:45 | Create | Villager (Male) |
| 23:57 | Build | Farm |
| 24:01 | Build | Farm |
| 24:08 | Build | Farm |
| 24:11 | Build | Farm |
| 24:15 | Build | Farm |
| 24:20 | Build | Farm |
| 24:45 | Build | Mining Camp |
| 25:48 | Build | Town Center |
| 26:04 | Create | Villager (Male) |
| 26:05 | Create | Villager (Male) |
| 26:05 | Create | Villager (Male) |
| 26:05 | Create | Villager (Male) |
| 26:32 | Build | Castle |
| 27:09 | Create | Villager (Male) |
| 27:09 | Create | Villager (Male) |
| 27:09 | Create | Villager (Male) |
| 27:10 | Create | Villager (Male) |
| 27:10 | Create | Villager (Male) |
| 27:10 | Create | Villager (Male) |
| 27:10 | Create | Villager (Male) |
| 27:11 | Create | Villager (Male) |
| 27:11 | Create | Villager (Male) |
| 27:11 | Create | Villager (Male) |
| 27:28 | Build | Town Center |
| 27:38 | Create | Villager (Male) |
| 27:39 | Create | Villager (Male) |
| 27:39 | Create | Villager (Male) |
| 27:46 | Build | Farm |
| 27:49 | Build | Farm |
| 27:56 | Build | Farm |
| 28:02 | Build | Farm |
| 28:09 | Build | Farm |
| 28:33 | Research | Squires |
| 28:34 | Research | Gambesons |
| 28:41 | Research | Husbandry |
| 29:00 | Research | Scale Barding Armor |
| 29:01 | Research | Forging |
| 29:02 | Research | Scale Mail Armor |
Match timeline
| 5:05 | ZAX · first_building Barracks |
| 9:43 | MrSimon25 · first_building Barracks |
| 11:35 | weefimonster · first_building Barracks |
| 12:08 | 暮星 · age_up feudal |
| 12:37 | ZAX · age_up feudal |
| 13:17 | t i a n t a n g · age_up feudal |
| 15:37 | MrSimon25 · first_building Stable |
| 16:21 | Smurfm4n87 · first_market_buy 100 food |
| 16:23 | weefimonster · first_building Stable |
| 16:30 | ZAX · first_building Archery Range |
| 17:02 | 暮星 · first_building Barracks |
| 17:32 | Smurfm4n87 · first_building Barracks |
| 17:36 | weefimonster · wall_segment Stone Wall x1 |
| 17:45 | t i a n t a n g · age_up castle |
| 17:46 | ZAX · first_building Stable |
| 18:12 | weefimonster · wall_segment Stone Wall x1 |
| 18:38 | MrSimon25 · first_building Archery Range |
| 18:49 | t i a n t a n g · first_building Castle |
| 19:06 | Smurfm4n87 · first_building Archery Range |
| 19:43 | 暮星 · age_up castle |
| 20:15 | 暮星 · wall_segment Stone Wall x34 |
| 21:50 | ZAX · age_up castle |
| 21:58 | 暮星 · first_building Monastery |
| 22:20 | Smurfm4n87 · first_building Castle |
| 23:41 | 暮星 · first_building Siege Workshop |
| 24:53 | 暮星 · wall_segment Stone Wall x16 |
| 25:17 | weefimonster · first_building Castle |
| 26:32 | MrSimon25 · first_building Castle |
| 27:33 | t i a n t a n g · first_building Siege Workshop |
| 27:35 | Smurfm4n87 · first_building Monastery |
| 28:36 | ZAX · first_building Castle |
| 30:37 | Smurfm4n87 · first_building Siege Workshop |
| 31:17 | 暮星 · first_building Stable |
| 31:45 | ZAX · first_building Monastery |
| 31:46 | 暮星 · first_building Castle |
| 32:01 | Smurfm4n87 · first_building Stable |
| 32:26 | t i a n t a n g · age_up imperial |
| 33:19 | 暮星 · age_up imperial |
| 33:23 | ZAX · first_building Siege Workshop |
| 35:03 | MrSimon25 · first_building Siege Workshop |
| 35:25 | t i a n t a n g · first_building Barracks |
| 37:30 | 暮星 · first_building Archery Range |
| 39:37 | MrSimon25 · first_market_sell 100 food |
| 39:44 | ZAX · first_market_sell 100 food |
| 41:43 | ZAX · age_up imperial |
| 45:45 | weefimonster · first_building Archery Range |
| 48:24 | Smurfm4n87 · first_market_sell 100 wood |
| 49:26 | weefimonster · resign |
[ AI ANALYSIS · 1 CREDIT ]
What really happened in this match?
Wolo.gg analyzes every decision: build order, eco, micro, common mistakes by bracket. Personalized analysis on WhatsApp or Discord in 30 seconds.
Civ guide
Malay
Perfil
Jugador #20319144